 Dungeon Crawl Stone Soup version 0.29.1-1-gd02db6906a (webtiles) character file.

Game seed: 16895298805934301485

30 GigaChad the Trooper (level 3, 0/33 HPs)
             Began as a Minotaur Fighter on Sept 29, 2022.
             Killed from afar by Ijyb (6 damage)
             ... with a puff of flame
             ... on level 2 of the Dungeon.
             The game lasted 00:01:35 (538 turns).

GigaChad the Trooper (Minotaur Fighter)              Turns: 538, Time: 00:01:36

Health: 0/33       AC:  7    Str: 22    XL:     3   Next: 3%
Magic:  2/2        EV:  9    Int:  5    God:
Gold:   50         SH:  4    Dex:  9    Spells: 2/2 levels left

rFire   . . .      SeeInvis .   a - +0 war axe
rCold   . . .      Faith    .   c - +0 buckler
rNeg    . . .      Spirit   .   b - +0 scale mail
rPois   .          Reflect  .   (helmet restricted)
rElec   .          Harm     .   (no cloak)
rCorr   .          Rampage  .   (no gloves)
Will    .....                   (no boots)
Stlth   ..........              (no amulet)
HPRegen 0.11/turn               (no ring)
MPRegen 0.08/turn               (no ring)

@: no status effects
A: horns 2, retaliatory headbutt
a: no special abilities


You were on level 2 of the Dungeon.
You visited 1 branch of the dungeon, and saw 2 of its levels.

You collected 50 gold pieces.

Inventory:

Hand Weapons
 a - a +0 war axe (weapon)
Armour
 b - a +0 scale mail (worn)
 c - a +0 buckler (worn)
Scrolls
 e - a scroll of enchant armour {unknown}
 f - 2 scrolls of identify {unknown}
 h - a scroll of teleportation {unknown}
Potions
 d - a potion of might
 g - 2 potions of lignification {unknown}
 i - a potion of brilliance {unknown}


   Skills:
 + Level 4.1 Fighting
 + Level 2.8 Axes
 + Level 4.0 Armour
 + Level 0.1 Dodging
 + Level 4.0 Shields


You had 2 spell levels left.
You didn't know any spells.
Your spell library was empty.

Dungeon Overview and Level Annotations

Branches:
Dungeon (2/15)

Altars:

Shops:
D:1 (

Annotations:
D:2 Ijyb


Innate Abilities, Weirdness & Mutations

You have a pair of horns on your head.
You reflexively headbutt those who attack you in melee.


Message History

Ijyb moves out of view.
Ijyb shouts!
Ijyb drinks a potion.
Ijyb suddenly seems more resistant.
You slash the goblin!
You kill the goblin!
The goblin hits you with a +0 club.
You closely miss the goblin. The goblin closely misses you.
You completely miss the goblin. The goblin hits you with a +0 club.
The goblin completely misses you. You furiously retaliate!
You headbutt the goblin.
You kill the goblin!
You have reached level 3!
Your experience leads to an increase in your attributes!
Increase (S)trength, (I)ntelligence, or (D)exterity?
You feel stronger. x2
You slash the goblin!
You kill the goblin!
The goblin unwields a +0 dagger.
The goblin wields a +0 sling.
The goblin shoots a sling bullet.
The sling bullet closely misses you.
Items here: ))) ††.
You hit Ijyb but do no damage. Your headbutt misses Ijyb.
Ijyb hits you but does no damage.
You closely miss Ijyb.
Ijyb zaps a wand.
The puff of flame hits you! You block Ijyb's attack.
You hit Ijyb but do no damage. Ijyb hits you with a +0 club.
You hit Ijyb. Your headbutt misses Ijyb.
Ijyb is moderately wounded.
Ijyb barely misses you.
Ijyb zaps a wand.
The puff of flame hits you!
* * * LOW HITPOINT WARNING * * *
You barely miss Ijyb.
Ijyb is moderately wounded.
You block Ijyb's attack.
You barely miss Ijyb. You headbutt Ijyb!
Ijyb is severely wounded.
Ijyb hits you with a +0 club.
* * * LOW HITPOINT WARNING * * *
You hit Ijyb but do no damage.
Ijyb is severely wounded.
Ijyb zaps a wand.
The puff of flame hits you.
You die...

......#....#####.#######
##.##..†#### #.#
...##.### #.# #####.#
#.# #.# #.# #.# #.# ..#
#.# ..# #)# ..# #@# ##g#
##gg# #.g## .######.##
....?...# .........#
8.....8#.# ....... .#


You could see Ijyb (resistant) and 3 goblins.

Vanquished Creatures
  A worm (D:2)
  2 dart slugs
  4 endoplasms (D:1)
  6 goblins
  2 ball pythons
  A bat (D:2)
  2 frilled lizards (D:1)
  2 kobolds (D:1)
  3 rats
23 creatures vanquished.

Notes
Turn   | Place    | Note
-------+----------+-------------------------------------------
     0 | D:1      | GigaChad the Minotaur Fighter began the quest for the Orb.
     0 | D:1      | Reached XP level 1. HP: 19/19 MP: 0/0
   191 | D:1      | Reached XP level 2. HP: 27/27 MP: 1/1
   297 | D:1      | Found Itoac's Weapon Emporium.
   515 | D:2      | Noticed Ijyb
   529 | D:2      | Reached XP level 3. HP: 28/33 MP: 2/2
   538 | D:2      | Killed from afar by Ijyb

Illustrated notes

Levels and vault maps discovered:
D:1:      amcnicky_arrival_abandoned_market, layout_rooms, serial_shops,
          nicolae_shop_bloodbath_and_beyond, minmay_tetromino_o2
D:2:      kennysheep_the_goblin_king, layout_rooms, basic_altar,
          uniq_crazy_yiuf_cottage

Skill      XL: |  1  2 |
---------------+-------+-----
Fighting       | 4 |  4.1
Armour         | 4 |  4.0
Shields        | 4 |  4.0
Axes           | |  2.8
Dodging        | |  0.1

Action                   || total
-------------------------++-------
Melee: War axe           ||    42
       Headbutt          ||     6
Armor: Scale mail        ||    24
Dodge: Dodged            ||    26
Block: Buckler           ||    10
